 Dungeon Crawl Stone Soup version 0.26.0-45-g9c1d065592 (webtiles) character file.

Game seed: 1974657291467676778

1362 trckry the Bolt Thrower (level 8, 0/48 HPs)
             Began as a Tengu Hunter on Jan 31, 2021.
             Was a Follower of Okawaru.
             Slain by a killer bee (5 damage)
             ... on level 6 of the Dungeon.
             The game lasted 00:11:58 (6316 turns).

trckry the Bolt Thrower (Tengu Hunter)              Turns: 6316, Time: 00:11:59

Health: 0/48       AC:  7    Str: 14    XL:     8   Next: 64%
Magic:  8/11       EV: 12    Int: 12    God:    Okawaru [*.....]
Gold:   199        SH:  0    Dex: 19    Spells: 7/7 levels left

rFire    . . .     SeeInvis .   a - +1 hand crossbow
rCold    . . .     Faith    .   (no shield)
rNeg     . . .     Spirit   .   k - +0 scale mail
rPois    .         Reflect  .   (helmet restricted)
rElec    .         Harm     .   (no cloak)
rCorr    .         Rampage  .   s - +0 pair of gloves
Will     +....     Clarity  +   (boots unavailable)
Stlth    +++.......             (no amulet)
HPRegen  0.16/turn              c - ring of willpower
MPRegen  0.12/turn              (no ring)

@: lethally poisoned (0 -> -17), flying quickly and evasively, quick
A: beak, talons 3, thin skeletal structure 2, clarity, MP-powered wands, able to
fly
a: Stop Flying, Renounce Religion, Heroism


You were on level 6 of the Dungeon.
You worshipped Okawaru.
Okawaru was aware of your devotion.
You visited 2 branches of the dungeon, and saw 8 of its levels.

You collected 367 gold pieces.
You spent 168 gold pieces at shops.

Inventory:

Hand Weapons
 a - a +1 hand crossbow (weapon)
 b - a +1 morningstar of holy wrath
Missiles
 d - 9 bolts (quivered ammo)
 e - 43 poisoned darts
Armour
 k - a +0 scale mail (worn)
 s - a +0 pair of gloves (worn)
Jewellery
 c - a ring of willpower (left hand)
 x - an uncursed ring of ice
Wands
 u - a wand of random effects (8)
 v - a wand of polymorph (9)
 E - a wand of digging (6)
Scrolls
 f - 6 scrolls of immolation {unknown}
 h - 5 scrolls of teleportation
 i - 7 scrolls of identify {unknown}
 j - a scroll of enchant armour {unknown}
 l - a scroll of fear {unknown}
 n - 2 scrolls of magic mapping
 o - a scroll of enchant weapon {unknown}
 r - a scroll of noise {unknown}
 t - 2 scrolls of remove curse {unknown}
 y - a scroll of amnesia {unknown}
 D - a scroll of blinking
 F - a scroll of holy word {unknown}
Potions
 g - a potion of magic {unknown}
 m - 2 potions of flight {unknown}
 p - 2 potions of heal wounds {unknown}
 q - a potion of invisibility {unknown}
 w - a potion of mutation
 z - a potion of lignification {unknown}
 A - a potion of berserk rage {unknown}
 B - a potion of curing {unknown}
 C - a potion of brilliance {unknown}


   Skills:
 + Level 4.5 Fighting
 + Level 4.0 Staves
 * Level 7.8 Crossbows
 + Level 2.5 Armour
 + Level 2.5 Dodging
 - Level 1.0 Stealth
 + Level 3.3 Invocations
 + Level 3.6 Evocations


You had 7 spell levels left.
You didn't know any spells.
Your spell library contained the following spells:

 Spells                   Type           Power        Failure   Level
 Animate Skeleton         Necr           0%           80%         1
 Apportation              Tloc           0%           80%         1
 Corona                   Hex            0%           80%         1
 Shock                    Conj/Air       0%           80%         1
 Summon Small Mammal      Summ           0%           80%         1
 Swiftness                Air            0%           91%         2
 Static Discharge         Conj/Air       0%           99%         3
 Airstrike                Air            0%           100%        4
 Lightning Bolt           Conj/Air       0%           100%        5


Dungeon Overview and Level Annotations

Branches:
Dungeon (7/15)             Temple (1/1) D:5

Altars:
Ashenzari
Cheibriados
Dithmenos
Elyvilon
Fedhas
Hepliaklqana
Kikubaaqudgha
Makhleb
Nemelex Xobeh
Okawaru
Ru
Sif Muna
Trog
Uskayaw
Vehumet
Wu Jian
Xom
Yredelemnul
Zin
The Shining One

Shops:
D:5 ?


Innate Abilities, Weirdness & Mutations

You have a beak for a mouth.
You have claws for feet.
You can fly continuously.
You have a moderately thin skeletal structure. (Dex +4, Stealth+)
You possess an exceptional clarity of mind.
You expend magic power (3 MP) to strengthen your wands.


Message History

You feel sick.
The killer bee stings you but does no damage.
The killer bee stings you.
* * * LOW HITPOINT WARNING * * *
You are more poisoned.
The killer bee poisons you!
Okay, then.
Unknown command.
Unknown command.
Evoke which item? (* to show all) (? for menu, Esc to quit)
Aiming: Random Effects
Press: ? - help, Shift-Dir - straight line, f/p - killer bee
Aim: a killer bee (heavily wounded)
You feel a surge of power!
The puff of frost misses the killer bee.
* * * LOW HITPOINT WARNING * * *
You feel sick. The killer bee stings you.
* * * LOW HITPOINT WARNING * * *
The killer bee stings you.
You die...

########## #....)...#
######........####
#####.................
#....@................
#.###y###.......<.....
#...#.# #.............
###.#.# #.............
#...# #.#####.......
##### #.############
#.#(..#....###
#.#.#.#.##....
#.#...#.######


You could see a killer bee.

Vanquished Creatures
  An ice beast (D:5)
  2 sky beasts (D:5)
  5 ogres
  A phantom (D:5)
  A centaur (D:5)
  A scorpion (D:6)
  A howler monkey (D:6)
  An orc priest (D:5)
  A bullfrog skeleton (D:6)
  A hound (D:6)
  A jelly (D:5)
  An orc wizard (D:5)
  Terence (D:2)
  2 worker ants (D:4)
  7 adders
  A gnoll (D:1)
  2 shadow imps (D:5)
  A white imp (D:5)
  An ufetubus (D:5)
  An ooze (D:5)
  An adder skeleton (D:5)
  2 worms
  2 dart slugs
  2 leopard geckos
  7 orcs
  2 bats
  4 giant cockroaches
  6 goblins
  7 hobgoblins
  10 jackals
  5 kobolds
  2 quokkas
  A frilled lizard (D:3)
  8 rats
92 creatures vanquished.

Notes
Turn   | Place    | Note
-------+----------+-------------------------------------------
     0 | D:1      | trckry the Tengu Hunter began the quest for the Orb.
     0 | D:1      | Reached XP level 1. HP: 12/12 MP: 2/2
   169 | D:1      | Reached XP level 2. HP: 11/17 MP: 3/3
   520 | D:1      | Reached XP level 3. HP: 21/21 MP: 4/4
   889 | D:2      | Reached skill level 1 in Armour
  1024 | D:2      | Noticed Terence
  1039 | D:2      | Killed Terence
  1040 | D:2      | Reached skill level 1 in Staves
  1040 | D:2      | Reached skill level 1 in Evocations
  1040 | D:2      | Reached XP level 4. HP: 7/27 MP: 5/5
  1546 | D:2      | Reached skill level 5 in Crossbows
  2389 | D:3      | Reached skill level 1 in Invocations
  2658 | D:3      | Found a hazy altar of Hepliaklqana.
  2804 | D:4      | Gained mutation: You can fly continuously. [Tengu growth]
  2804 | D:4      | Reached XP level 5. HP: 31/31 MP: 6/6
  2964 | D:4      | Noticed an ogre
  3013 | D:4      | Killed an ogre
  3014 | D:4      | Reached XP level 6. HP: 11/37 MP: 6/8
  3687 | D:5      | Entered Level 5 of the Dungeon
  3693 | D:5      | Noticed a sky beast
  3702 | D:5      | Killed a sky beast
  3851 | D:5      | Reached skill level 6 in Crossbows
  3916 | D:5      | Reached XP level 7. HP: 14/41 MP: 9/9
  4283 | D:5      | Found a staircase to the Ecumenical Temple.
  4321 | Temple   | Entered the Ecumenical Temple
  4466 | Temple   | Became a worshipper of Warmaster Okawaru
  4848 | D:5      | Reached XP level 8. HP: 30/48 MP: 10/10
  4972 | D:5      | Found Iryusko's Magic Scroll Emporium.
  4980 | D:5      | Bought a scroll of magic mapping for 42 gold pieces
  4980 | D:5      | Bought a scroll of teleportation for 36 gold pieces
  4980 | D:5      | Bought a scroll of blinking for 90 gold pieces
  5014 | D:5      | Reached skill level 7 in Crossbows
  5101 | D:5      | Found a sacrificial altar of Ru.
  5794 | D:6      | Reached * piety under Okawaru
  5917 | D:6      | Found an ancient bone altar of Kikubaaqudgha.
  6315 | D:6      | Gained mutation: You have a somewhat thin skeletal
                  | structure. (Dex +2, Stealth) [potion of mutation]
  6315 | D:6      | Gained mutation: You possess an exceptional clarity of
                  | mind. [potion of mutation]
  6315 | D:6      | Gained mutation: You have a moderately thin skeletal
                  | structure. (Dex +4, Stealth+) [potion of mutation]
  6315 | D:6      | Gained mutation: You expend magic power (3 MP) to
                  | strengthen your wands. [potion of mutation]
  6316 | D:6      | HP: 5/48 [killer bee (3)]
  6316 | D:6      | Slain by a killer bee

Illustrated notes

Levels and vault maps discovered:
D:1:      sevenhm_arrival_forest_fort_small_6, layout_basic
D:2:      layout_basic, uniq_terence
D:3:      layout_loops_ring, nzn_hepliaklqana_mist_gate
D:4:      layout_loops_ring
D:5:      layout_loops_ring, minmay_temple_entry_large_hall, serial_shops, shop,
          chequers_hall_statues_corner_a, nicolae_ru_path_of_blood
D:6:      layout_basic, kennysheep_mini_moat
D:7:      layout_cave_pools, nicolae_qazlal_style_of_elements
Temple:   regret_index_temple_mists

Skill      XL: |  1  2  3  4  5  6  7  8 |
---------------+-------------------------+-----
Armour         | 1 2 |  2.5
Staves         | 1 2 3 4 |  4.0
Evocations     | 1 2 3 |  3.6
Crossbows      | 5 6 7 |  7.8
Invocations    | 1 2 3 |  3.3
Fighting       | 3 4 |  4.5
Dodging        | |  2.5
Stealth        | |  1.0

Action                   |  1- 3 |  4- 6 |  7- 9 || total
-------------------------+-------+-------+-------++-------
Melee: Short sword       |    55 |       |       ||    55
       Peck              |    12 |    12 |       ||    24
       Kick              |     7 |    21 |     1 ||    29
       Trident           |       |   125 |       ||   125
       Morningstar       |       |       |     6 ||     6
 Fire: Hand crossbow     |    14 |    45 |   127 ||   186
 Abil: Fly               |       |     1 |       ||     1
Evoke: Wand              |       |       |     1 ||     1
  Use: Potion            |       |       |     1 ||     1
 Stab: Sleeping          |     1 |       |       ||     1
Armor: Leather armour    |    11 |       |       ||    11
       Scale mail        |       |    68 |    22 ||    90
Dodge: Dodged            |    48 |    78 |    38 ||   164
